[Event "44th Chess Olympiad Women 2022"]
[Site "Chennai"]
[Date "2022.08.06"]
[Round "8.25"]
[White "Moaataz, Ayah"]
[Black "Koljevic, Nikolina"]
[Result "0-1"]
[WhiteElo "2119"]
[BlackElo "2014"]
[Annotator "NA RC"]
[PlyCount "106"]
[EventDate "2022.??.??"]
[TimeControl "60"]

1. c4 Nf6 2. g3 e6 3. Nf3 d5 4. Bg2 Be7 5. O-O O-O 6. d4 dxc4 7. Ne5 Nc6 8.
Bxc6 bxc6 9. Nxc6 Qe8 10. Nxe7+ Qxe7 11. b3 Qd7 12. bxc4 Rd8 13. Bb2 c5 14. d5 exd5 15. Bxf6 gxf6 16. cxd5 Qxd5 17. Nc3 Qxd1 18. Rfxd1 Bb7 19. Kf1 Kf8 20. Ke1 Ke7 21. Na4 Rxd1+ 22. Rxd1 Rc8 23. Rd3 f5 24. f3 Ke6 25. Kd2 Ba6 26. Ra3 Bb5 27. Nc3 a6 28. Rb3 Bd7 29. e4 Ke5 30. Ke3 fxe4 31. fxe4 Rc6 32. Rb7 Be6 33. a4 c4 34. Rb2 Rd6 35. Ne2 Rd3+ 36. Kf2 Kxe4 37. Rb6 Rd2 38. Ke1 Ke3 39. Nc3 Rxh2 40. Nd1+ Kd3 41. Rd6+ Kc2 42. Nf2 a5 43. Ke2 Rh5 44. Ke3 Re5+ 45. Kd4 Re2 46. Ne4 Bf5 47. Nc5 Rd2+ 48. Ke5 Rxd6 49. Kxd6 Kb2 50. Ke5 Bg6 51. Nb7 c3 52. Nxa5 c2 53. Nc4+ Ka2 0-1

[Event "44th Chess Olympiad Women 2022"]
[Site "Chennai"]
[Date "2022.08.06"]
[Round "8.26"]
[White "Gjergji, Rozana"]
[Black "Norlamo, Sarabella"]
[Result "0-1"]
[WhiteElo "1920"]
[BlackElo "1925"]
[Annotator "NA RC"]
[PlyCount "72"]
[EventDate "2022.??.??"]
[TimeControl "60"]

1. e4 c5 2. Nc3 Nc6 3. f4 g6 4. Nf3 Bg7 5. Bc4 e6 6. O-O Nge7 7. e5 d5 8. exd6 Nf5 9. Ne4 Nxd6 10. Nxd6+ Qxd6 11. d3 O-O 12. a3 b6 13. Rb1 Bb7 14. Qe1 Nd4 15. Nxd4 cxd4 16. Bd2 Rfd8 17. Qh4 Rd7 18. Rbe1 Qc6 19. Re2 b5 20. Bb3 a5 21. Be1 Qb6 22. Bf2 Qc6 23.
Be1 Qb6 24. Bf2 Qa6 25. a4 Qc6 26. Be1 bxa4 27. Bc4 Qb6 28.
Qg5 Bd5 29. Bxd5 Rxd5 30. Qg4 Rb5 31. Qf3 Rc8 32. c4 dxc3+ 33.
Bf2 Qc6 34. Qxc6 Rxc6 35. bxc3 Rxc3 36. d4 a3 0-1

[Event "44th Chess Olympiad Women 2022"]
[Site "Chennai"]
[Date "2022.08.06"]
[Round "8.26"]
[White "Nazarova, Anastasia"]
[Black "Shabanaj, Eglantina"]
[Result "1-0"]
[WhiteElo "2208"]
[BlackElo "1940"]
[Annotator "NA RC"]
[PlyCount "80"]
[EventDate "2022.??.??"]
[TimeControl "60"]

1. e4 e5 2. Nf3 Nc6 3. Bb5 a6 4. Ba4 Nf6 5. O-O b5 6. Bb3 Nxe4 7. d4 d5 8. dxe5 Be6 9. c3 Be7 10. Re1 O-O 11. Bc2 Nc5 12. Nd4 Qd7 13.
b4 Nb7 14. Nxe6 Qxe6 15. f4 g6 16. g4 Bh4 17. Re3 f5 18. exf6 Qxf6 19. Qxd5+ Kh8 20. Re6 Qf7 21. Qxc6 Nd8 22. Qxa8 Nxe6 23. Qe4 Ng7 24. Be3 Re8 25. Qf3 Qe6 26. Bd2 Be1 27. a4 bxa4 28. Bxa4 Rd8 29. Be3 h5 30. Bd4 hxg4 31. Qd1 Kh7 32. Bb3 Qe4 33. Nd2 Bxd2 34. Qxd2 Nh5 35. Re1 Qf5 36. Re7+ Kh6 37. Bc2 Qxf4 38. Bg7+ Kg5 39. Re5+ Kh4 40. Qxf4 Rd7 1-0

[Event "44th Chess Olympiad Women 2022"]
[Site "Chennai"]
[Date "2022.08.06"]
[Round "8.26"]
[White "Puuska, Heini"]
[Black "Caku, Kler"]
[Result "1-0"]
[WhiteElo "2010"]
[BlackElo "1626"]
[Annotator "NA"]
[PlyCount "110"]
[EventDate "2022.??.??"]
[TimeControl "60"]

1. d4 d5 2. c4 e6 3. Nc3 Nf6 4. Bg5 Be7 5. e3 Nbd7 6. Nf3 h6 7. Bh4 O-O 8. Rc1 c6 9. cxd5 exd5 10. Bd3 Ne4 11. Bxe7 Qxe7 12. O-O f5 13. Ne2 Qd6 14. Nf4 Re8 15. Bb1 Qf6 16. b4 a6 17. a4 Ng5 18. b5 axb5 19. axb5 Nxf3+ 20. Qxf3 Nb6 21. Bd3 Bd7 22. Rb1 Reb8 23. Qg3 Be8 24. h3 Bf7 25. Ne2 Nd7 26. Rfc1 Rc8 27. bxc6 bxc6 28. Rb7 Nf8 29. Rc7 Rxc7 30. Qxc7 Be8 31. Ng3 g6 32. Rb1 Ra3 33. Bf1 Bf7 34. Rb8 Rc3 35. Ne2 Rc2 36. Nf4 g5 37. Nd3 Be6 38. Nc5 f4 39. Qxc6 fxe3 40. Qxe6+ Qxe6 41. Nxe6 exf2+ 42. Kh2 Kf7 43. Rxf8+ Kxe6 44. Kg3 Rd2 45. Rh8 Rxd4 46.
Rxh6+ Kf5 47. Kxf2 Rf4+ 48. Ke1 Ke4 49. Be2 Rf5 50. Bf3+ Kd3 51.
Rd6 Re5+ 52. Kf2 d4 53. Rd5 Re8 54. Rxg5 Kd2 55. Rd5 d3 1-0

[Event "44th Chess Olympiad Women 2022"]
[Site "Chennai"]
[Date "2022.08.06"]
[Round "8.26"]
[White "Shuqja, Klean"]
[Black "Paasikangas, Johanna"]
[Result "1/2-1/2"]
[WhiteElo "1883"]
[BlackElo "2155"]
[Annotator "NA RC"]
[PlyCount "81"]
[EventDate "2022.??.??"]
[TimeControl "60"]

1. e4 c5 2. Nf3 g6 3. c4 Bg7 4. d4 d6 5. h3 cxd4 6. Nxd4 Qb6 7. Nb3 Na6 8.
Be3 Qc7 9. Nc3 b6 10. Nd5 Qd8 11. Nd4 Bd7 12. Be2 Nf6 13. Nxf6+ Bxf6 14. O-O O-O 15. Rc1 e5 16. Nb5 Bxb5 17. cxb5 Nc5 18. Qd5 Qe7 19. b4 Ne6 20. Rc6 Rad8 21. Rd1 Nd4 22. Bxd4 exd4 23. a4 Rfe8 24. Bd3 Be5 25. Rdc1 Rd7 26. a5 Rb8 27. Rc8+ Rxc8 28. Rxc8+ Rd8 29. Rxd8+ Qxd8 30. a6 Kg7 31. g3 h5 32. f4 Bf6 33. Kg2 Qc7 34. Bc4 Qe7 35.
Kf3 Kf8 36. Qa8+ Kg7 37. Qb7 Kf8 38. Qc8+ Kg7 39. Qb7 Kf8 40. Qa8+ Kg7 41. Qb7 1/2-1/2

[Event "44th Chess Olympiad Women 2022"]
[Site "Chennai"]
[Date "2022.08.06"]
[Round "8.27"]
[White "Khamdamova, Afruza"]
[Black "Eftovska, Lea"]
[Result "1-0"]
[WhiteElo "1969"]
[BlackElo "1634"]
[Annotator "NA RC"]
[PlyCount "85"]
[EventDate "2022.??.??"]
[TimeControl "60"]

1. e4 e5 2. Nf3 Nc6 3. Bb5 a6 4. Ba4 Nf6 5. O-O b5 6. Bb3 Be7 7. d4 d6 8. c3 O-O 9. h3 Bb7 10. Re1 Rb8 11. Nbd2 exd4 12. cxd4 Na5 13. Bc2 c5 14. Nf1 Re8 15. Ng3 g6 16. d5 Bf8 17. b3 Bg7 18. Bb2 Rc8 19. Rb1 b4 20. Nd2 c4 21. bxc4 Nxc4 22. Nxc4 Rxc4 23. Bd3 Rc7 24. Bd4 Rce7 25. Qd2 a5 26. Qb2 Nh5 27. Nxh5 Bxd4 28. Qxd4 gxh5 29. Re3 h4 30. Bb5 Rf8 31. Rf3 Re5 32. Rf4 Bc8 33. Rb3 Qg5 34. g3 Bxh3 35. Rxh4 Qc1+ 36. Kh2 Bf1 37. Bd7 Be2 38. Bf5 h5 39. Qe3 Qxe3 40. Rxe3 Bc4 41. Rxh5 Bxa2 42. Rg5+ Kh8 43. g4 1-0

[Event "44th Chess Olympiad Women 2022"]
[Site "Chennai"]
[Date "2022.08.06"]
[Round "8.27"]
[White "Nikolovska, Dragana"]
[Black "Bobomurodova, Maftuna"]
[Result "1/2-1/2"]
[WhiteElo "1876"]
[BlackElo "1914"]
[Annotator "NA RC"]
[PlyCount "73"]
[EventDate "2022.??.??"]
[TimeControl "60"]

1. e4 e5 2. Nf3 Nc6 3. Bb5 Nf6 4. Qe2 a6 5. Ba4 d6 6. c3 g6 7. O-O Bg7 8. Rd1 O-O 9. d3 b5 10. Bb3 Na5 11. Bc2 c5 12. Nbd2 Qc7 13.
Nf1 Bb7 14. a4 Nc6 15. Bg5 h6 16. Bxf6 Bxf6 17. Ne3 Ne7 18. c4 Bc6 19. Ra3 Qb7 20. b3 Bg7 21. axb5 axb5 22. Rda1 Rxa3 23. Rxa3 Ra8 24. Rxa8+ Qxa8 25. Bb1 b4 26. Qa2 Qxa2 27. Bxa2 f5 28. Bb1 Kf7 29. Nd2 Bf6 30. Nf3 Bd7 31. h3 Bg5 32. Nxg5+ hxg5 33. f3 Nc6 34. Bc2 Nd4 35. Bd1 Be6 36. Kf2 f4 37. Nf1 1/2-1/2

[Event "44th Chess Olympiad Women 2022"]
[Site "Chennai"]
[Date "2022.08.06"]
[Round "8.27"]
[White "Omonova, Umida"]
[Black "Manova, Ivana"]
[Result "1-0"]
[WhiteElo "2195"]
[BlackElo "1849"]
[Annotator "NA RC"]
[PlyCount "77"]
[EventDate "2022.??.??"]
[TimeControl "60"]

1. e4 e5 2. Nf3 Nc6 3. Bc4 Bc5 4. d3 Nf6 5. c3 d6 6. O-O h6 7. Re1 O-O 8. Nbd2 a5 9. Nf1 Be6 10. Bb5 Ne7 11. Ng3 Ng6 12. h3 c6 13.
Ba4 Qc7 14. d4 Ba7 15. Be3 Rfd8 16. Qc1 b5 17. Bb3 Bxb3 18. axb3 d5 19. Nxe5 Nxe4 20. Nxg6 fxg6 21. Nxe4 dxe4 22. Bf4 Qf7 23. Rxa5 Rf8 24. Rxe4 g5 25. Be3 Rad8 26. Qa1 Bb8 27. b4 Qd5 28. Qa2 Rf7 29. Qxd5 cxd5 30. Re6 Bd6 31. Rxb5 Ra7 32. Bd2 Ra2 33. g3 Rxb2 34. Rxd5 Rxd2 35. Rexd6 Rf8 36. Rd8 Rdxf2 37. Rxf8+ Rxf8 38.
b5 Kf7 39. Rf5+ 1-0

[Event "44th Chess Olympiad Women 2022"]
[Site "Chennai"]
[Date "2022.08.06"]
[Round "8.27"]
[White "Stojkovska, Monika"]
[Black "Yakubbaeva, Nilufar"]
[Result "1-0"]
[WhiteElo "2091"]
[BlackElo "2299"]
[Annotator "RC"]
[PlyCount "107"]
[EventDate "2022.??.??"]
[TimeControl "60"]

1. d4 Nf6 2. c4 e6 3. Nc3 Bb4 4. f3 d5 5. a3 Bxc3+ 6. bxc3 c5 7. cxd5 exd5 8. e3 O-O 9. Bd3 Nc6 10. Ne2 Re8 11. O-O Qc7 12. Re1 Bd7 13.
Ng3 Rad8 14. Ra2 Na5 15. Rf2 cxd4 16. cxd4 Nc6 17. Bb2 Be6 18. Bb1 Qd6 19. e4 dxe4 20. fxe4 Ng4 21. Rd2 Qf4 22. Nf1 Na5 23. Qf3 Qh6 24. Rdd1 Nc4 25. Bc1 Qf6 26. Qxf6 Nxf6 27. h3 h6 28. Ng3 Rc8 29. Bd3 Nb6 30. d5 Bd7 31. Bb2 Ba4 32. Rc1 Nbd7 33.
Rxc8 Rxc8 34. Rc1 Rxc1+ 35. Bxc1 Ne5 36. Bb1 Nfd7 37. Nf5 b5 38. Nd4 Nc5 39. Nc6 Nxc6 40. dxc6 Ne6 41. Ba2 b4 42. Bxe6 fxe6 43. c7 Bd7 44. axb4 Kf7 45. b5 Ke7 46. Ba3+ Kf6 47. Kf2 Bc8 48. Ke3 a6 49. b6 Bb7 50. Kd4 a5 51. e5+ Kf5 52. Kc5 Kxe5 53.
Bb2+ Ke4 54. Kd6 1-0

[Event "44th Chess Olympiad Women 2022"]
[Site "Chennai"]
[Date "2022.08.06"]
[Round "8.28"]
[White "Nilssen, Ellen Fredericia"]
[Black "Zhang, Jasmine Haomo"]
[Result "1-0"]
[WhiteElo "2142"]
[BlackElo "1972"]
[Annotator "NA RC"]
[PlyCount "81"]
[EventDate "2022.??.??"]
[TimeControl "60"]

1. d4 d5 2. c4 e6 3. Nc3 Be7 4. Nf3 Nf6 5. Bg5 Nbd7 6. e3 c6 7. Rc1 Ne4 8. Nxe4 dxe4 9. Bxe7 Qxe7 10. Nd2 f5 11. f4 Nf6 12. c5 Nd5 13.
Nc4 O-O 14. Qd2 g5 15. g3 Rf7 16. Nd6 Rg7 17. Bc4 gxf4 18. gxf4 b5 19. Bxd5 exd5 20. Kd1 Be6 21. Kc2 Kh8 22. Rcg1 Rag8 23. Qf2 Rxg1 24. Rxg1 Rg6 25. Rxg6 hxg6 26. Qg3 Kh7 27. Qg5 Qxg5 28. fxg5 Kg7 29. Kd2 Kf8 30. b4 Ke7 31. Ke2 Bd7 32. Kf2 Be6 33. Kg3 Bd7 34. Kf4 Be6 35. h4 Bf7 36. h5 gxh5 37. Nxf5+ Kf8 38. Ke5 Bg6 39. Nh4 Be8 40. Kf6 Bd7 41. g6 1-0

[Event "44th Chess Olympiad Women 2022"]
[Site "Chennai"]
[Date "2022.08.06"]
[Round "8.28"]
[White "Punsalan, Vyanla M"]
[Black "Guindy, Esmat Susanne"]
[Result "1-0"]
[WhiteElo "1895"]
[BlackElo "2097"]
[Annotator "NA RC"]
[PlyCount "55"]
[EventDate "2022.??.??"]
[TimeControl "60"]

1. e4 e6 2. d4 d5 3. Nc3 Nf6 4. Bg5 Be7 5. e5 Nfd7 6. h4 a6 7. Bxe7 Qxe7 8. Qg4 f5 9. exf6 Nxf6 10. Qe2 c5 11. dxc5 Qxc5 12. g4 d4 13. g5 dxc3 14. b4 Qd5 15. gxf6 O-O 16. fxg7 Rf4 17. Rd1 Re4 18. Rxd5 Rxe2+ 19. Nxe2 exd5 20. Nxc3 d4 21. Nd5 Bg4 22. Rg1 h5 23. Nb6 Ra7 24. f3 Nc6 25. fxg4 Ne5 26. gxh5 Nf3+ 27. Kf2 Nxg1 28. h6 1-0

[Event "44th Chess Olympiad Women 2022"]
[Site "Chennai"]
[Date "2022.08.06"]
[Round "8.28"]
[White "Steffensen, Elena"]
[Black "Yu, Weiyang"]
[Result "1-0"]
[WhiteElo "2044"]
[BlackElo "1504"]
[Annotator "NA RC"]
[PlyCount "117"]
[EventDate "2022.??.??"]
[TimeControl "60"]

1. e4 c5 2. Nc3 Nc6 3. g3 g6 4. Bg2 Bg7 5. d3 e6 6. Be3 d6 7. Qd2 a6 8. Nge2 Nge7 9. Bh6 O-O 10. Bxg7 Kxg7 11. O-O Nd4 12. Nd1 Nxe2+ 13. Qxe2 Bd7 14. Ne3 Bc6 15. f4 f5 16. Rad1 Qc7 17. c3 Rad8 18. Nc4 b5 19. Nd2 h6 20. Rfe1 Rf7 21. Nf3 Rdf8 22. h4 Qa7 23. Kh2 Rh8 24. h5 c4 25. Nd4 Bd7 26. dxc4 e5 27. hxg6 Nxg6 28. Nxf5+ Bxf5 29. exf5 Rxf5 30. Qg4 Qf7 31. Rxd6 h5 32. Qxg6+ Qxg6 33. Rxg6+ Kxg6 34. Be4 exf4 35. gxf4 Kf6 36.
Bxf5 Kxf5 37. cxb5 axb5 38. Re5+ Kxf4 39. Rxb5 Rd8 40. a4 Kf3 41. b4 Rd2+ 42. Kh3 Rd1 43. Kh2 Rd2+ 44. Kg1 Rd1+ 45. Kh2 Rd2+ 46. Kh3 Rd1 47. Rf5+ Ke4 48. Rf8 Rd3+ 49. Kh4 Rxc3 50. Kxh5 Kd5 51. a5 Ra3 52. Rf6 Rc3 53. Rb6 Rc7 54. a6 Ra7 55. b5 Kc5 56. Rb7 Ra8 57. a7 Kd6 58. b6 Kc6 59. Rb8 1-0

[Event "44th Chess Olympiad Women 2022"]
[Site "Chennai"]
[Date "2022.08.06"]
[Round "8.28"]
[White "Thurner, Anya"]
[Black "Fredericia, Louise"]
[Result "1-0"]
[WhiteElo "1619"]
[BlackElo "1990"]
[Annotator "NA RC"]
[PlyCount "109"]
[EventDate "2022.??.??"]
[TimeControl "60"]

1. e4 c5 2. b3 e6 3. Bb2 Nc6 4. f4 d5 5. exd5 exd5 6. Bb5 Nge7 7. Nf3 a6 8. Bxc6+ Nxc6 9. O-O d4 10. c3 Be7 11. Na3 O-O 12. Qe1 b5 13.
cxd4 Nxd4 14. Nxd4 cxd4 15. Nc2 Bb7 16. Bxd4 Rc8 17. Qg3 g6 18. Bc3 b4 19. Nxb4 Bxb4 20. f5 Bxc3 21. dxc3 Qd2 22. c4 Rfe8 23. fxg6 hxg6 24. Rad1 Qb4 25. Rd7 Re7 26. Rd6 Qc5+ 27. Kh1 Be4 28. Rfd1 Rce8 29. Rxa6 Bb7 30. Rf6 Qh5 31. Rdf1 Re2 32. R6f2 Qe5 33. Qxe5 R8xe5 34. h3 f5 35. Kh2 g5 36. Kg1 f4 37. Rxe2 Rxe2 38. Rf2 Re4 39. Rd2 Kf7 40. Rd7+ Re7 41. Rxe7+ Kxe7 42. Kf2 Kd6 43. g3 Kc5 44. gxf4 gxf4 45. h4 Kb4 46. h5 Be4 47. h6 Kc5 48. a3 Kd6 49. b4 Ke7 50. c5 Kf6 51. b5 Kg6 52. c6 Kxh6 53.
c7 Bb7 54. a4 Kg7 55. a5 1-0

[Event "44th Chess Olympiad Women 2022"]
[Site "Chennai"]
[Date "2022.08.06"]
[Round "8.29"]
[White "Almanzar Vasquez, Jeniffer Maria"]
[Black "Vanduyfhuys, Daria"]
[Result "0-1"]
[WhiteElo "1762"]
[BlackElo "2094"]
[Annotator "NA RC"]
[PlyCount "80"]
[EventDate "2022.??.??"]
[TimeControl "60"]

1. e4 c5 2. Nf3 d6 3. d4 cxd4 4. Nxd4 Nf6 5. Nc3 a6 6. Be2 e5 7. Nf3 Be7 8. h3 h6 9. Be3 Be6 10. O-O Nbd7 11. Nd2 Rc8 12. Nb3 O-O 13. Qd2 b5 14. Bd3 Nc5 15. f3 Qc7 16. Qf2 Nfd7 17. g4 b4 18.
Ne2 Nxd3 19. cxd3 Qc2 20. Nec1 d5 21. Qxc2 Rxc2 22. Rf2 Rfc8 23. Rxc2 Rxc2 24. Rb1 d4 25. Bf2 Bg5 26. Be1 a5 27. Nxa5 Bxc1 28. Bxb4 Bxa2 29. Ra1 Be3+ 30. Kh1 Rxb2 31. Bd6 Rb1+ 32. Rxb1 Bxb1 33. Nc4 Bf4 34. Nb2 f6 35. Kg1 Bc1 36. Nd1 Bxd3 37. Kf2 Nb6 38. Ke1 Nc4 39. Bb4 Bc2 40. h4 d3 0-1

[Event "44th Chess Olympiad Women 2022"]
[Site "Chennai"]
[Date "2022.08.06"]
[Round "8.29"]
[White "De Rycke, Tyani"]
[Black "Diaz Cesar, Wilsaida Pieranlly"]
[Result "1-0"]
[WhiteElo "1994"]
[BlackElo "1834"]
[Annotator "NA RC"]
[PlyCount "63"]
[EventDate "2022.??.??"]
[TimeControl "60"]

1. e4 e5 2. Nf3 d6 3. Bc4 Be7 4. O-O Nf6 5. d4 exd4 6. Nxd4 O-O 7. Nc3 c6 8. a4 a5 9. h3 Nxe4 10. Nxe4 d5 11. Bd3 dxe4 12. Bxe4 Na6 13. c3 Nc5 14. Bc2 Bf6 15. Qh5 g6 16. Qxc5 Bg7 17. Bg5 Qc7 18.
Rfe1 h6 19. Be7 Re8 20. Nb5 Qf4 21. Nd6 Be6 22. Nxe8 Rxe8 23. Bd6 Qd2 24. Bb3 Qxb2 25. Bxe6 Rxe6 26. Qa3 Rxe1+ 27. Rxe1 Qd2 28. Re3 h5 29. Qc5 Qd1+ 30. Kh2 Qxa4 31. Re8+ Kh7 32. Be5 1-0

[Event "44th Chess Olympiad Women 2022"]
[Site "Chennai"]
[Date "2022.08.06"]
[Round "8.29"]
[White "Gonzalez Peguero, Mary Loly"]
[Black "Barbier, Astrid"]
[Result "1/2-1/2"]
[WhiteElo "1666"]
[BlackElo "1879"]
[Annotator "NA RC"]
[PlyCount "72"]
[EventDate "2022.??.??"]
[TimeControl "60"]

1. e4 c5 2. Nf3 Nc6 3. g3 g6 4. Bg2 Bg7 5. O-O e5 6. d3 Nge7 7. Be3 d6 8. Nc3 O-O 9. Nd2 Be6 10. Nc4 a6 11. a4 Nd4 12. Bxd4 exd4 13. Nd5 Rb8 14. Nxe7+ Qxe7 15. Nb6 Rbe8 16. Qd2 h5 17. f4 Bh6 18. Rae1 f6 19. h4 Bf7 20. Bh3 Be6 21. Nd5 Qf7 22. Bxe6 Rxe6 23. Qg2 Ree8 24. g4 hxg4 25. Qxg4 Kh7 26. f5 Rg8 27. Kh2 g5 28.
Rg1 Rg7 29. Qh5 Rf8 30. Qxf7 Rfxf7 31. Rg4 Kg8 32. Reg1 Kf8 33. R1g2 b5 34. axb5 axb5 35. b3 Ke8 36. Rg1 Rf8 1/2-1/2

[Event "44th Chess Olympiad Women 2022"]
[Site "Chennai"]
[Date "2022.08.06"]
[Round "8.29"]
[White "Goossens, Hanne"]
[Black "Rosario Almanzar, Raydily"]
[Result "1-0"]
[WhiteElo "2159"]
[BlackElo "1882"]
[Annotator "NA RC"]
[PlyCount "65"]
[EventDate "2022.??.??"]
[TimeControl "60"]

1. e4 c5 2. Nf3 e6 3. d4 cxd4 4. Nxd4 a6 5. c4 Nf6 6. Nc3 Qc7 7. a3 b6 8. Be3 Bb7 9. f3 Be7 10. Rc1 d6 11. Be2 Nbd7 12. O-O O-O 13.
Qd2 Rac8 14. b4 Qb8 15. Nb3 h5 16. Rfd1 h4 17. Bf1 h3 18.
Qd4 hxg2 19. Kxg2 d5 20. exd5 exd5 21. cxd5 Bd6 22. Qh4 Rxc3 23. Rxc3 Nxd5 24. Rcd3 Nxe3+ 25. Rxe3 Bf4 26. Ree1 g5 27. Qh3 Ne5 28. Nd4 g4 29. Qh5 gxf3+ 30. Kf2 Bxh2 31. Nf5 Ng6 32. Bc4 Qf4 33. Qxg6+ 1-0

[Event "44th Chess Olympiad Women 2022"]
[Site "Chennai"]
[Date "2022.08.06"]
[Round "8.30"]
[White "Kanyamarala, Trisha"]
[Black "Garcia, Angie"]
[Result "0-1"]
[WhiteElo "2270"]
[BlackElo "1894"]
[Annotator "RC"]
[PlyCount "104"]
[EventDate "2022.??.??"]
[TimeControl "60"]

1. d4 Nf6 2. c4 g6 3. Nc3 Bg7 4. e4 d6 5. Be2 O-O 6. h4 h5 7. Bg5 Nbd7 8.
Qd2 c5 9. d5 Re8 10. f3 Ne5 11. Nh3 Qb6 12. Nf2 Qb4 13. Nb5 Qxd2+ 14. Kxd2 Rd8 15. Rhg1 Bd7 16. Nc3 Kh7 17. g4 hxg4 18. fxg4 a6 19. Rg3 b5 20. b3 b4 21. Ncd1 Nexg4 22. Rb1 Ne5 23. Ne3 a5 24. h5 a4 25.
hxg6+ fxg6 26. Rh1+ Kg8 27. Bf4 axb3 28. axb3 Ra2+ 29. Nc2 Neg4 30. Bxg4 Bxg4 31. Kc1 Bh5 32. Re1 Nd7 33. Nd3 Rf8 34. Kb1 Rfa8 35. e5 Nxe5 36. Nxe5 dxe5 37. Bxe5 Bxe5 38. Rxe5 Bd1 39. Rxg6+ Kf7 40. Rg2 Bxc2+ 41. Kc1 Bxb3 42. Rf5+ Ke8 43. Rg7 Rc2+ 44. Kb1 Rca2 45. Re5 R8a7 46. d6 Bxc4 47. Rexe7+ Rxe7 48.
Rxe7+ Kd8 49. Rc7 b3 50. Rb7 Bd3+ 51. Kc1 c4 52. d7 c3 0-1

[Event "44th Chess Olympiad Women 2022"]
[Site "Chennai"]
[Date "2022.08.06"]
[Round "8.30"]
[White "Palacios, Celina"]
[Black "Ni Mhuireagain, Eibhia"]
[Result "1-0"]
[WhiteElo "1715"]
[BlackElo "1638"]
[Annotator "NA RC"]
[PlyCount "91"]
[EventDate "2022.??.??"]
[TimeControl "60"]

1. e4 c6 2. d4 d5 3. exd5 cxd5 4. Bd3 Nc6 5. c3 Nf6 6. Bf4 Bg4 7. Qb3 Qd7 8. Nd2 e6 9. Ngf3 Bxf3 10. Nxf3 Bd6 11. Ne5 Qc7 12. O-O O-O 13. Rae1 Rfc8 14. Qd1 Rab8 15. g4 h6 16. h4 Bxe5 17. dxe5 Kf8 18. Qf3 Nd7 19. Qe3 Qb6 20. Qd2 d4 21. g5 hxg5 22. hxg5 Nc5 23. Bb1 dxc3 24. Qxc3 Qb4 25. Qe3 Qd4 26. g6 Qxe3 27. Rxe3 Nd4 28. gxf7 Kxf7 29. Kg2 Rd8 30. Bg5 Rd7 31. Rc1 b6 32. b4 Na6 33. a3 Rbb7 34. Re4 Rbc7 35. Rf4+ Kg8 36. Rh1 Nc2 37. Ba2 Ne3+ 38. Kf3 Nd5 39. Rfh4 Rf7+ 40. Kg2 Rf5 41. Bd2 Rxe5 42. Bb1 Re2 43. Bg6 Kf8 44. Bg5 Nf6 45. Rh8+ Ke7 46. Rd1 1-0

[Event "44th Chess Olympiad Women 2022"]
[Site "Chennai"]
[Date "2022.08.06"]
[Round "8.30"]
[White "Putar, Lara"]
[Black "Herrera, Marjorie"]
[Result "1-0"]
[WhiteElo "1969"]
[BlackElo "1760"]
[Annotator "NA RC"]
[PlyCount "63"]
[EventDate "2022.??.??"]
[TimeControl "60"]

1. d4 Nf6 2. c4 g6 3. Nc3 Bg7 4. e4 d6 5. Be2 O-O 6. Be3 e5 7. d5 Nbd7 8. g4 a6 9. g5 Ne8 10. h4 Rb8 11. h5 c6 12. hxg6 fxg6 13. Nf3 Qa5 14. a3 c5 15. Nd2 b5 16. Bg4 Rf7 17. Be6 Nf8 18. Bxf7+ Kxf7 19. cxb5 axb5 20. a4 bxa4 21. Rxa4 Qc7 22. Nc4 Kg8 23. Kd2 Qe7 24. Na5 Rxb2+ 25. Ke1 Bd7 26. Nc6 Qf7 27. Ra7 Bh8 28. Rh3 Ng7 29. Rf3 Qe8 30. Qa1 Rb3 31. Ra8 Bc8 32. Rxc8 1-0

[Event "44th Chess Olympiad Women 2022"]
[Site "Chennai"]
[Date "2022.08.06"]
[Round "8.30"]
[White "Zavala Galindo, Alejandra Beatriz"]
[Black "O`Gorman, Alice"]
[Result "1/2-1/2"]
[WhiteElo "1748"]
[BlackElo "2043"]
[Annotator "NA RC"]
[PlyCount "98"]
[EventDate "2022.??.??"]
[TimeControl "60"]

1. e4 e5 2. Bc4 Nf6 3. d3 Bc5 4. Nf3 Nc6 5. Bb3 O-O 6. O-O a6 7. c3 Re8 8. Be3 Ba7 9. h3 d5 10. Bxa7 Rxa7 11. Nbd2 h6 12. Re1 dxe4 13. dxe4 Nh5 14. Nc4 Qf6 15. Ne3 Ne7 16. Ng4 Bxg4 17. hxg4 Nf4 18. g3 Ne6 19. Kg2 Raa8 20. Qe2 Ng5 21. Rad1 Rad8 22. Nxg5 Qxg5 23. Qc4 Kh7 24. Qxc7 Rxd1 25. Rxd1 Qxg4 26. Qxe5 f6 27. Qe6 Qxe6 28. Bxe6 Nc6 29. Bf5+ g6 30. Rd7+ Re7 31. Rxe7+ Nxe7 32. Be6 Kg7 33. f4 b6 34. Kf3 g5 35. Bc4 b5 36. Bd5 f5 37. fxg5 hxg5 38.
Bb7 a5 39. Ba6 b4 40. cxb4 axb4 41. a3 bxa3 42. bxa3 Kf6 43. exf5 Kxf5 44. Bd3+ Ke5 45. a4 Nc6 46. Bb5 Na5 47. Kg4 Kf6 48. Kf3 Ke5 49. Kg4 Kf6 1/2-1/2

[Event "44th Chess Olympiad Women 2022"]
[Site "Chennai"]
[Date "2022.08.06"]
[Round "8.31"]
[White "Foudzi, Siti Zulaikha"]
[Black "Silva Rosas, Natalia"]
[Result "1-0"]
[WhiteElo "2188"]
[BlackElo "1780"]
[Annotator "NA RC"]
[PlyCount "73"]
[EventDate "2022.??.??"]
[TimeControl "60"]

1. e4 c5 2. b3 Nf6 3. Nc3 d6 4. Bb2 g6 5. Bb5+ Nbd7 6. f4 a6 7. Bxd7+ Bxd7 8.
Qe2 e5 9. Nf3 Bg4 10. O-O-O Bg7 11. h3 Bxf3 12. Qxf3 c4 13. g4 cxb3 14. axb3 O-O 15. f5 Qa5 16. g5 Nh5 17. f6 Bh8 18. Nd5 Rfe8 19. Rdg1 Rac8 20. Rg4 Qc5 21. Bc3 a5 22. Qe3 Qxe3 23. dxe3 Rc5 24. Kd2 Kf8 25. Ra1 Rxc3 26. Kxc3 Rc8+ 27. Kd3 Ra8 28. c4 Ra7 29. Ra4 h6 30. h4 Ke8 31. b4 b6 32. Nxb6 Bxf6 33. gxf6 Nxf6 34. Rg2 Rb7 35. bxa5 Kd8 36. a6 Ra7 37. Rb2 1-0

[Event "44th Chess Olympiad Women 2022"]
[Site "Chennai"]
[Date "2022.08.06"]
[Round "8.31"]
[White "Roepke, Sofia"]
[Black "Azhar, Puteri Rifqah Fahad"]
[Result "1/2-1/2"]
[WhiteElo "1869"]
[BlackElo "1940"]
[Annotator "NA RC"]
[PlyCount "56"]
[EventDate "2022.??.??"]
[TimeControl "60"]

1. e4 c5 2. Nf3 e6 3. c3 Nf6 4. Bd3 d5 5. e5 Nfd7 6. Bc2 Qc7 7. d4 Be7 8. O-O h6 9. a3 b6 10. Be3 Ba6 11. Re1 Nc6 12. b4 Rc8 13. Bb3 Bb7 14. Qe2 a6 15.
Nbd2 cxd4 16. cxd4 b5 17. Reb1 Nb6 18. Ne1 Nc4 19. Nd3 Rb8 20. Bd1 O-O 21. Nb3 a5 22. Nbc5 axb4 23. axb4 Ra8 24. Bb3 Na3 25. Rb2 Nc4 26. Rbb1 Na3 27. Rb2 Nc4 28. Rbb1 Na3 1/2-1/2

[Event "44th Chess Olympiad Women 2022"]
[Site "Chennai"]
[Date "2022.08.06"]
[Round "8.31"]
[White "Silvera, Pilar"]
[Black "Chong, Kai Ni Agnes"]
[Result "0-1"]
[WhiteElo "1436"]
[BlackElo "1909"]
[Annotator "NA RC"]
[PlyCount "50"]
[EventDate "2022.??.??"]
[TimeControl "60"]

1. e4 c5 2. Nf3 d6 3. d4 cxd4 4. Nxd4 Nf6 5. Nc3 a6 6. h3 e5 7. Nb3 Be6 8. f4 exf4 9. Bxf4 Nc6 10. Qd2 b5 11. a3 Be7 12. Be2 Rc8 13.
O-O O-O 14. Nd4 Nxd4 15. Qxd4 d5 16. Qd3 d4 17. Nd1 Qb6 18.
Kh1 Bc4 19. Qf3 Bxe2 20. Qxe2 Qc6 21. e5 Nd5 22. Rc1 Nxf4 23.
Rxf4 Bg5 24. Rf6 gxf6 25. exf6 Qxf6 0-1

[Event "44th Chess Olympiad Women 2022"]
[Site "Chennai"]
[Date "2022.08.06"]
[Round "8.31"]
[White "Sim, Jia Ru"]
[Black "Malan, Lucia"]
[Result "1-0"]
[WhiteElo "2005"]
[BlackElo "1741"]
[Annotator "NA RC"]
[PlyCount "107"]
[EventDate "2022.??.??"]
[TimeControl "60"]

1. e4 e5 2. Nf3 Nc6 3. Bb5 a6 4. Ba4 Nf6 5. O-O Be7 6. Re1 b5 7. Bb3 O-O 8. a4 Bb7 9. d3 d6 10. Nbd2 Nb8 11. Nf1 Nbd7 12. c3 Nc5 13. Ng3 bxa4 14. Bxa4 Nxa4 15. Qxa4 g6 16. Bh6 Re8 17. h3 Qd7 18. Qc2 c5 19. Qd2 Qb5 20. Nf5 Nd7 21. Nxe7+ Rxe7 22. b4 cxb4 23. cxb4 Nb6 24. Ra5 Qe8 25. Nh2 Rc7 26. Ng4 Qe6 27. Qe3 Nd7 28. d4 Rac8 29. d5 Qe7 30. Raa1 Rc3 31. Qa7 R8c7 32. Rac1 Rxc1 33. Rxc1 Rxc1+ 34. Bxc1 Nf8 35. h4 h5 36. Bg5 Qc7 37. Nf6+ Kh8 38. Ne8 Qd7 39. Qb8 Qc8 40. Qxc8 Bxc8 41. Nxd6 Bd7 42. Nxf7+ Kg7 43. Nxe5 Bb5 44. f4 Nd7 45. Nxd7 Bxd7 46. Kf2 Kf7 47. Ke3 Bg4 48. Kd4 Ke8 49. Kc5 Be2 50. Kd6 Bd3 51. e5 Bf5 52. e6 Be4 53.
Ke5 Bxg2 54. d6 1-0